 Dungeon Crawl Stone Soup version 0.29-a0-419-g77450f2105 (webtiles) character file.

Game seed: 10345653002524455100

280 Bruhh the Insei (level 6, -10/38 HPs)
             Began as an Octopode Transmuter on May 18, 2022.
             Mangled by a two-headed ogre
             ... wielding a +0 giant club
              (21 damage)
             ... on level 4 of the Dungeon.
             The game lasted 00:05:23 (3973 turns).

Bruhh the Insei (Octopode Transmuter)               Turns: 3973, Time: 00:05:23

Health: -10/38     AC:  2    Str: 15    XL:     6   Next: 27%
Magic:  4/9        EV: 19    Int: 18    God:
Gold:   135        SH:  0    Dex: 17    Spells: 5/9 levels left

rFire   + . .      SeeInvis .     - Unarmed
rCold   x . .      Faith    .   (shield currently unavailable)
rNeg    + . .      Spirit   .   (helmet currently unavailable)
rPois   x          Reflect  .   (no amulet)
rElec   .          Harm     .   l - ring of fire
rCorr   .          Rampage  .   m - ring of positive energy
Will    .....                   o - +6 ring of strength
Stlth   ++........              (no ring)
HPRegen 0.12/turn               (no ring)
MPRegen 0.11/turn               (no ring)
                                (no ring)
                                (no ring)

@: spider-form (expiring), very slightly contaminated
A: venomous fangs, almost no armour, (amphibious), 8 rings, tiny, (camouflage
1), (gelatinous body 1), (nimble swimmer 1), (tentacles)
a: End Transformation


You were on level 4 of the Dungeon.
You were a venomous arachnid creature.
You visited 1 branch of the dungeon, and saw 4 of its levels.

You collected 135 gold pieces.

Inventory:

Jewellery
 l - a ring of fire (left front leg)
 m - a ring of positive energy (right front leg)
 o - a +6 ring of strength (on tentacle)
Scrolls
 e - 4 scrolls of teleportation {unknown}
 f - 3 scrolls of immolation {unknown}
 g - a scroll of fog {unknown}
 i - a scroll of amnesia {unknown}
 j - 5 scrolls of identify {unknown}
 k - a scroll of vulnerability {unknown}
 p - a scroll of torment {unknown}
 r - a scroll of enchant weapon {unknown}
Potions
 a - 3 potions of invisibility {unknown}
 b - a potion of curing
 c - a potion of attraction {unknown}
 d - 2 potions of might {unknown}
 h - a potion of magic {unknown}
 n - a potion of haste {unknown}
 q - a potion of brilliance {unknown}
 s - a potion of resistance {unknown}


   Skills:
 - Level 1.0 Fighting
 - Level 2.0 Dodging
 + Level 6.8 Unarmed Combat
 - Level 2.0 Spellcasting
 - Level 2.0 Transmutations


You had 5 spell levels left.
You knew the following spells:

 Your Spells              Type           Power      Damage    Failure   Level
a - Beastly Appendage     Tmut           18%        N/A       21%         1
b - Spider Form           Tmut/Pois      5%         N/A       56%         3

Your spell library contained the following spells:

 Spells                   Type           Power      Damage    Failure   Level
 Wereblood                Tmut           9%         N/A       28%         2
 Passwall                 Tmut/Erth      4%         N/A       38%         2
 Ensorcelled Hibernation  Hex/Ice        2%         N/A       47%         2
 Swiftness                Air            1%         N/A       69%         3
 Ice Form                 Ice/Tmut       5%         N/A       89%         4
 Summon Lightning Spire   Summ/Air       1%         N/A       96%         4
 Storm Form               Tmut/Air       2%         N/A       100%        7
 Maxwell's Capacitive Co  Air            0%         ∞         100%        8


Dungeon Overview and Level Annotations

Branches:
Dungeon (4/15)
 Temple: D:4-7

Altars:

Annotations:
D:4 2 runed translucent doors, emergency's ghost, weakling GnDe


Innate Abilities, Weirdness & Mutations

You are a venomous arachnid creature.
You have poisonous fangs.
You are tiny and dextrous.
Your spellcasting is less reliable in this form.
Your armour is entirely melded.
You are incapable of wielding weapons or throwing items.
You cannot wear most types of armour.
((You are amphibious.))
You can wear up to eight rings at the same time.
((Your skin changes colour to match your surroundings (Stealth+).))
((Your rubbery body absorbs attacks. (AC +1, EV +1)))
((You are camouflaged when in or above water. (Stealth+)))
((You have tentacles for arms and can constrict up to eight enemies at once.))


Message History

The spell is quite dangerous to miscast (34% risk of failure)!
Continue anyway?
You turn into a venomous arachnid creature.
The adder hisses angrily.
You feel sick.
You feel sick.
You feel sick.
You feel better.
You barely miss the adder. The adder bites you but does no damage.
You hit the adder but do no damage.
Your transformation is almost over.
The adder misses you.
An endoplasm comes into view.
You hit the two-headed ogre.
The two-headed ogre is lightly wounded.
You bite the two-headed ogre!
The two-headed ogre is poisoned.
The two-headed ogre is moderately wounded.
The endoplasm jiggles.
The two-headed ogre misses you.
The two-headed ogre hits you with a +0 giant club!!
Ouch! That really hurt!
* * * LOW HITPOINT WARNING * * *
You hit the two-headed ogre.
The two-headed ogre looks as sick as possible!
The two-headed ogre is moderately wounded.
You hit the two-headed ogre.
The two-headed ogre looks as sick as possible!
The two-headed ogre is moderately wounded.
The two-headed ogre completely misses you.
The two-headed ogre closely misses you.
You hit the two-headed ogre.
The two-headed ogre is heavily wounded.
The two-headed ogre closely misses you. The two-headed ogre barely misses you.
You hit the two-headed ogre but do no damage.
The two-headed ogre is heavily wounded.
You hit the two-headed ogre but do no damage.
The two-headed ogre looks as sick as possible!
The two-headed ogre is heavily wounded.
The two-headed ogre hits you with a +0 giant club!!
Ouch! That really hurt!
You die...

#.#.+...'.#....... <.
#'#.#####.#+#...#' ..
#.....#.....#...#.
##'##.....'.....##+##.
# #...#.....#.....# #.
#'#...#+#.#####.#+# #+
#..... #.'†..+.#
###..J#####...### ##
#.'..SOs#.......# +.
...#####.#'#...#+#
###. #.....#...# #...
...'.....##+## +...
...##.....# #... #.
###.#'# #####. +.#..
+...'. #####.
#####...## ..
+.#.......


You could see a two-headed ogre (extremely poisoned), an adder and an endoplasm.

Vanquished Creatures
  Sigmund (D:2)
  7 adders
  A worm (D:4)
  A dart slug (D:2)
  4 endoplasms
  4 giant cockroaches (D:1)
  5 goblins
  9 hobgoblins
  2 jackals (D:1)
  4 kobolds
  2 quokkas
  5 ball pythons
  5 bats
  8 frilled lizards
  3 rats
61 creatures vanquished.

Notes
Turn   | Place    | Note
-------+----------+-------------------------------------------
     0 | D:1      | Bruhh the Octopode Transmuter began the quest for the Orb.
     0 | D:1      | Reached XP level 1. HP: 13/13 MP: 3/3
   186 | D:1      | Reached XP level 2. HP: 17/18 MP: 3/5
   641 | D:1      | Found a faded altar of an unknown god.
   760 | D:1      | Reached skill level 4 in Unarmed Combat
  1046 | D:1      | Reached XP level 3. HP: 22/23 MP: 4/6
  1899 | D:2      | Reached XP level 4. HP: 28/28 MP: 7/7
  2089 | D:2      | Reached skill level 5 in Unarmed Combat
  2453 | D:2      | Noticed Sigmund
  2472 | D:1      | Learned a level 3 spell: Spider Form
  2815 | D:2      | Killed Sigmund
  2816 | D:2      | Reached skill level 6 in Unarmed Combat
  2816 | D:2      | Reached XP level 5. HP: 24/33 MP: 5/8
  2816 | D:2      | Reached XP level 6. HP: 28/38 MP: 5/9
  3727 | D:4      | Found a runed translucent door.
  3732 | D:4      | Noticed emergency's ghost (weakling GnDe)
  3775 | D:4      | Found a runed translucent door.
  3959 | D:4      | Noticed a two-headed ogre
  3973 | D:4      | Mangled by a two-headed ogre

Illustrated notes

Levels and vault maps discovered:
D:1:      minmay_arrival_semitransparent, layout_basic,
          shapermc_ecumenical_altar_flowoftime
D:2:      layout_basic, st_stairs_5, nrook_mini_vaults, uniq_sigmund
D:3:      layout_basic
D:4:      nicolae_cairo_tiling_large, layout_rooms, ebering_ghost_sewer_f

Skill      XL: |  1  2  3  4 |
---------------+-------------+-----
Unarmed Combat | 4 6 |  6.8
Fighting       | |  1.0
Dodging        | |  2.0
Spellcasting   | |  2.0
Transmutations | |  2.0

Action                   |  1- 3 |  4- 6 || total
-------------------------+-------+-------++-------
Melee: Unarmed           |    80 |    69 ||   149
       Kick              |    16 |     7 ||    23
       Constrict         |    17 |    11 ||    28
       Tentacles         |    10 |    10 ||    20
       Punch             |     2 |     3 ||     5
 Cast: Beastly Appendage |    18 |    15 ||    33
       Spider Form       |       |     3 ||     3
  Use: Potion            |     1 |     2 ||     3
 Stab: Sleeping          |     3 |     1 ||     4
Armor: Skin              |    12 |     4 ||    16
Dodge: Dodged            |    49 |    35 ||    84

Table legend: (Time is in decaauts)
 A = Elapsed time spent in this place.
 B = Non-inter-level travel time spent in this place.
 C = Inter-level travel time spent in this place.
 D = Time resting spent in this place.
 E = Time spent auto-exploring this place.
 F = Levels seen in this place.
 G = Mean time per level.
                   A        B        C        D        E       F      G
               +--------+--------+--------+--------+--------+-----+--------+
         Total |   3959 |   3847 |    112 |    324 |   3079 |   4 |  989.8 |
       Dungeon |   3959 |   3847 |    112 |    324 |   3079 |   4 |  989.8 |
               +--------+--------+--------+--------+--------+-----+--------+

Top non-repeatable levels by time:
     D:1: 1868 daAuts
     D:2: 1105 daAuts
     D:3: 711 daAuts
     D:4: 273 daAuts
